 Dungeon Crawl Stone Soup version 0.24-a0-201-gf205589 (console) character file.

Game seed: 7032235005140978138

333 bli the Skirmisher (level 6, 0/55 HPs)
             Began as a Draconian Abyssal Knight on Mar 24, 2019.
             Was a Believer of Lugonu.
             Slain by Grinder (2 damage)
             ... while paralysed by Grinder
             ... on level 4 of the Dungeon.
             The game lasted 00:13:47 (3518 turns).

bli the Skirmisher (Draconian Abyssal Knight)       Turns: 3518, Time: 00:13:48

Health: 0/55       AC:  8    Str: 14    XL:     6   Next: 27%
Magic:  16/16      EV:  2    Int: 12    God:    Lugonu [**....]
Gold:   210        SH:  0    Dex: 15    Spells: 5/5 levels left

rFire    . . .     SeeInvis .   a - +1 falchion
rCold    . . .     Gourm    .   s - +2 large shield
rNeg     . . .     Faith    .   (armour unavailable)
rPois    .         Spirit   .   (helmet restricted)
rElec    .         Reflect  .   w - +0 cloak
rCorr    .         Harm     .   (no gloves)
MR       .....                  y - +0 pair of boots
Stlth    ++........             (no amulet)
HPRegen  0.18/turn              h - +2 ring of dexterity
MPRegen  0.15/turn              E - ring of magical power

@: paralysed
A: unfitting armour, cold-blooded, AC +6
a: Depart the Abyss, Bend Space, Renounce Religion


You were on level 4 of the Dungeon.
You worshipped Lugonu.
Lugonu was pleased with you.
You were not hungry.

You visited 1 branch of the dungeon, and saw 4 of its levels.
You visited the Abyss 1 time.

You collected 210 gold pieces.

Inventory:

Hand Weapons
 a - a +1 falchion (weapon)
 b - a +2 dagger of chaos
 d - a +2 dagger of venom
 o - a +0 blowgun
 r - a +0 hunting sling
 x - a +2 quarterstaff of chaos
Missiles
 c - 229 stones (quivered)
 l - 11 tomahawks
 A - 13 poisoned needles
 F - 62 sling bullets
Armour
 s - a +2 large shield (worn)
 w - a +0 cloak (worn)
 y - a +0 pair of boots (worn)
Jewellery
 h - a +2 ring of dexterity (left hand)
 E - a ring of magical power (right hand)
Scrolls
 e - a scroll of fear {unknown}
 f - 2 scrolls of random uselessness {unknown}
 i - 2 scrolls of fog {unknown}
 j - 2 scrolls of magic mapping {unknown}
 m - a scroll of enchant weapon {unknown}
 n - a scroll of amnesia {unknown}
 q - 3 scrolls of remove curse {unknown}
 v - 4 scrolls of identify {unknown}
Potions
 g - a potion of flight {unknown}
 k - 2 potions of degeneration {unknown}
 p - 2 potions of haste {unknown}
 t - a potion of lignification {unknown}
 u - a potion of berserk rage {unknown}
 z - a potion of heal wounds {unknown}
 B - a potion of might {unknown}
 C - 2 potions of agility {unknown}
Comestibles
 D - 8 rations
 G - a chunk of flesh


   Skills:
 * Level 4.8 Fighting
 + Level 2.1(2.9) Short Blades
 + Level 2.9(3.3) Long Blades
 * Level 3.0 Dodging
 + Level 1.5 Stealth
 * Level 2.9 Shields
 - Level 2.0 Invocations


You had 5 spell levels left.
You didn't know any spells.
Your spell library was empty.

Dungeon Overview and Level Annotations

Branches:
Dungeon (4/15)             Temple (0/1) D:4

Altars:
Fedhas
Xom

Annotations:
D:3 2 transporters
D:4 Grinder


Innate Abilities, Weirdness & Mutations

Your plain brown scales are hard. (AC +6)
You cannot fit into any form of body armour.
You are cold-blooded and may be slowed by cold attacks.


Message History

The orc is heavily wounded.
Grinder gestures at you.
You suddenly lose the ability to move!
The orc barely misses you.
The orc hits you from afar with a +0 trident.
The orc shouts!
Grinder hits you!
* * * LOW HITPOINT WARNING * * *
You writhe in agony.
* * * LOW HITPOINT WARNING * * *
The orc hits you but does no damage.
The orc hits you from afar with a +0 trident.
* * * LOW HITPOINT WARNING * * *
Grinder says, "What is the universe for?"
Grinder blinks!
The orc hits you with a +0 club.
* * * LOW HITPOINT WARNING * * *
The orc hits you but does no damage. Grinder hits you.
* * * LOW HITPOINT WARNING * * *
You writhe in agony.
You die...

#..≈≈≈≈.>.≈≈≈≈.
##.≈≈≈≈≈≈≈≈≈≈≈.
#####..≈≈≈≈≈≈≈≈≈..
#....#..≈≈≈≈≈≈≈...
#....##...≈≈≈...#.
###...............#.
..#...............#.
###.#..........######.
...#..........)......
###o##.........#####..
#...§@.######### ##.
#...o.5...... .....
.....########### #####
####


You could see Grinder and 2 orcs.

Vanquished Creatures
  4 crimson imps (D:3)
  A hound (D:4)
  Crazy Yiuf (D:2)
  7 adders
  2 worms (D:3)
  2 dart slugs
  A leopard gecko (D:1)
  12 orcs
  7 bats
  5 giant cockroaches
  6 goblins
  5 hobgoblins
  2 ball pythons
  A frilled lizard (D:3)
  5 kobolds
  A leopard gecko skeleton (D:4)
  2 rats (D:1)
64 creatures vanquished.

Notes
Turn   | Place    | Note
-------+----------+-------------------------------------------
     0 | Abyss:1  | bli the Draconian Abyssal Knight began the quest for the
                  | Orb.
     0 | Abyss:1  | Reached XP level 1. HP: 19/19 MP: 2/2
    27 | Abyss:2  | Found a corrupted altar of Lugonu.
    61 | Abyss:2  | Noticed a large abomination
    83 | Abyss:3  | Noticed a green ugly thing
    83 | Abyss:3  | Noticed a green ugly thing
    83 | Abyss:3  | Noticed a green very ugly thing
    91 | Abyss:3  | Noticed a green very ugly thing
    91 | Abyss:3  | Noticed a green ugly thing
    95 | D:1      | Escaped the Abyss
   306 | D:1      | Reached * piety under Lugonu
   351 | D:1      | Reached XP level 2. HP: 27/27 MP: 3/3
   888 | D:2      | Reached skill level 1 in Stealth
   902 | D:2      | Reached skill level 4 in Fighting
   902 | D:2      | Reached skill level 1 in Short Blades
   902 | D:2      | Reached XP level 3. HP: 28/33 MP: 4/4
  1476 | D:2      | Reached XP level 4. HP: 41/41 MP: 5/5
  1536 | D:2      | Found a runed translucent door.
  1537 | D:2      | Noticed Crazy Yiuf
  1548 | D:2      | Killed Crazy Yiuf
  1695 | D:3      | Found a transporter.
  1698 | D:3      | Found a transporter.
  1822 | D:3      | Reached ** piety under Lugonu
  1902 | D:3      | Found a shimmering altar of Xom.
  2078 | D:3      | Reached skill level 1 in Shields
  2078 | D:3      | Reached XP level 5. HP: 42/47 MP: 6/6
  2799 | D:3      | Reached XP level 6. HP: 9/53 MP: 7/7
  3057 | D:4      | Found a staircase to the Ecumenical Temple.
  3433 | D:4      | Found a blossoming altar of Fedhas.
  3508 | D:4      | Noticed Grinder
  3515 | D:4      | Paralysed by Grinder for 5 turns
  3518 | D:4      | HP: 2/55 [Grinder (3)]
  3518 | D:4      | Slain by Grinder

Levels and vault maps discovered:
D:1:      psy_arrival_basics, layout_loops_ring, minivault_24,
          chequers_serial_rivers_large_a
D:2:      layout_basic, uniq_crazy_yiuf_cottage
D:3:      gammafunk_steamed_eel, layout_basic, minmay_stone_trees_large,
          led_xom_imps
D:4:      layout_basic, minmay_temple_entry_mini_moons, minmay_misc_feat_doors,
          fedhas_ov_isle_minmay, uniq_grinder
Abyss:1
Abyss:2:  minivault_11, evilmike_abyss_exit_1
Abyss:3:  doesnt_abyss_rune_brain_food, hangedman_decor_riveting,
          hangedman_abyss_sting

Skill      XL: |  1  2  3  4  5  6 |
---------------+-------------------+-----
Stealth        | 1 |  1.5
Fighting       | 4 |  4.8
Short Blades   | 1 2 |  2.1
Shields        | 1 2 |  2.9
Dodging        | 3 |  3.0
Long Blades    | |  2.9
Invocations    | |  2.0

Action                   |  1- 3 |  4- 6 || total
-------------------------+-------+-------++-------
Melee: Dagger            |    73 |    62 ||   135
       Falchion          |     2 |   286 ||   288
       Tailslap          |     7 |    46 ||    53
Invok: Depart the Abyss  |     1 |       ||     1
 Stab: Sleeping          |     2 |     3 ||     5
  Eat: Chunk             |     2 |     7 ||     9
Armor: Skin              |    19 |    84 ||   103
Dodge: Dodged            |    33 |    84 ||   117
Block: Large shield      |    10 |   225 ||   235
       Rpst.: Falchion   |       |    22 ||    22

Table legend:
 A = Non-vault XP
 B = Vault XP
 C = Vault XP percentage of total XP
 D = Non-vault monster count
 E = Vault monster count
 F = Vault count percentage of total count
                 A         B        C        D         E       F
            +---------+---------+-------+---------+---------+-------
      Total |     243 |     234 |  49.1 |      59 |       5 |   7.8
            +---------+---------+-------+---------+---------+-------
        D:1 |      30 |       0 |   0.0 |      17 |       0 |   0.0
        D:2 |      67 |      40 |  37.4 |      13 |       1 |   7.1
        D:3 |      53 |     194 |  78.5 |      17 |       4 |  19.0
        D:4 |      93 |       0 |   0.0 |      12 |       0 |   0.0
            +---------+---------+-------+---------+---------+-------
